 Dungeon Crawl Stone Soup version 0.20.0-8-g6b59dc7 (webtiles) character file.

3056 Monsterracer the Cleaver (level 10, -4/82 HPs)
             Began as a Formicid Monk on June 1, 2017.
             Was a Priest of Makhleb.
             Killed from afar by a hell hound (14 damage)
             ... with a blast of flame
             ... on level 8 of the Dungeon.
             The game lasted 00:19:35 (8147 turns).

Monsterracer the Cleaver (Formicid Monk)            Turns: 8147, Time: 00:19:36

Health: -4/82      AC: 14    Str: 17    XL:     10   Next: 11%
Magic:  13/13      EV:  8    Int:  9    God:    Makhleb [***...]
Gold:   298        SH:  5    Dex: 16    Spells: 9/9 levels left

rFire    . . .     SeeInvis +   t - +0 battleaxe
rCold    . . .     Gourm    .   (no shield)
rNeg     . . .     Faith    .   u - +0 plate armour
rPois    +         Spirit   .   (helmet unavailable)
rElec    .         Reflect  +   n - +0 cloak {rPois}
rCorr    .         Harm     .   q - +0 pair of gloves
MR       ++...                  (no boots)
Stlth    ..........             f - +5 amulet of reflection
Regen    0.3/turn               l - +1 ring of evasion
MPRegen  0.2/turn               (no ring)

@: no status effects
A: permanent stasis, dig shafts and tunnels, four strong arms, antennae 3, claws
1, magic resistance 1, robust 1, no potion heal 1
a: Dig, Shaft Self, Minor Destruction, Lesser Servant of Makhleb, Renounce
Religion


You were on level 8 of the Dungeon.
You worshipped Makhleb.
Makhleb was most pleased with you.
You were very hungry.

You visited 2 branches of the dungeon, and saw 9 of its levels.

You collected 298 gold pieces.

Inventory:

Hand Weapons
 t - a +0 battleaxe (weapon)
 w - a cursed +4 dire flail
Armour
 m - a +1 cloak
 n - a +0 cloak of poison resistance (worn)
 q - a +0 pair of gloves (worn)
 u - a +0 plate armour (worn)
Jewellery
 f - a +5 amulet of reflection (around neck)
 l - a +1 ring of evasion (left hand)
Wands
 h - a wand of lightning (11/15)
 k - a wand of acid (15/15)
Scrolls
 d - 7 scrolls of identify
 g - 2 scrolls of remove curse {unknown}
 j - a scroll of magic mapping
 p - a scroll of amnesia
Potions
 a - a potion of flight
 b - 2 potions of mutation
 v - a potion of might
Books
 o - a book of Party Tricks

   Spells                             Type                      Level
   a - Summon Butterflies             Summoning                    1
   b - Apportation                    Translocation                1
   c - Lesser Beckoning               Translocation                3
   d - Tukima's Dance                 Hexes                        3
   e - Alistair's Intoxication        Transmutation/Poison         5
   f - Invisibility                   Hexes                        6
Comestibles
 c - 6 bread rations
 i - a fruit
 s - a royal jelly


   Skills:
 + Level 5.6 Fighting
 * Level 10.6 Axes
 + Level 4.7 Armour
 + Level 4.8 Dodging
 - Level 2.4 Stealth
 + Level 4.8 Invocations


You had 9 spell levels left.
You didn't know any spells.

Dungeon Overview and Level Annotations

Branches:
Dungeon (8/15)             Temple (1/1) D:5            Lair (0/6) D:8

Altars:
Ashenzari
Cheibriados
Dithmenos
Elyvilon
Fedhas
Gozag
Hepliaklqana
Kikubaaqudgha
Makhleb
Nemelex Xobeh
Okawaru
Qazlal
Ru
Sif Muna
Trog
Uskayaw
Vehumet
Xom
Yredelemnul
The Shining One

Shops:
D:8 :

Annotations:
D:7 ThereIsNoGod's ghost, novice GrGl


Innate Abilities, Weirdness & Mutations

You cannot be hasted, slowed, berserked, paralysed or teleported.
You can dig through walls and to a lower floor.
Your four strong arms can wield two-handed weapons with a shield.
You have a pair of large antennae on your head. (SInv)
You have sharp fingernails.
You are resistant to hostile enchantments. (MR+)
You are robust. (+10% HP)
Potions are less effective at restoring your health.


Message History

* * * LOW HITPOINT WARNING * * *
The hell hound bites you but does no damage.
Your neqoxec hits the hell hound!
Unknown command.
Your system partially rejects the healing.
You feel better. You block the hell hound's attack.
The hell hound bites you but does no damage.
Your neqoxec hits the hell hound but does no damage.
The hell hound completely misses your neqoxec.
Okay, then.
The hell hound barely misses your neqoxec.
Your neqoxec hits the hell hound. The hell hound closely misses you.
The hell hound bites your neqoxec.
Your neqoxec gestures at the hell hound.
The hell hound twists and deforms.
The hell hound bites your neqoxec. Something misses your neqoxec.
The hell hound bites you.
* * * LOW HITPOINT WARNING * * *
The hell hound breathes flames at you. The blast of flame hits you!
You die...

#.#.# .# #.#
######.#.##.## #.#
#............... #.#
#)h3.......####.##
#.§≈§§).... .....#
#§§§≈≈≈≈..# #..#
##h≈§.≈≈≈≈.#####...
#.§§≈≈>.≈≈........#
#.@≈≈≈.≈≈§...######
#...≈≈≈≈≈≈..<#
##....≈≈.≈..#?#
##...........#(#
##.....##..####÷#
........))..# #(######
.........##..# #.......
..##....###.......######
.. #.(... ......(..


You could see a hell hound.

Vanquished Creatures
  Pikel (D:4)
  A troll (shapeshifter) (D:8)
  A hippogriff (D:7)
  A water moccasin (D:8)
  2 sky beasts
  2 orc warriors
  A necrophage (D:7)
  4 centaurs
  2 black bears
  A bullfrog (D:6)
  3 scorpions
  A wight (D:8)
  2 howler monkeys (D:7)
  A centaur zombie (D:8)
  6 orc wizards
  2 bullfrog skeletons
  Crazy Yiuf (D:7)
  A hound (D:6)
  A centaur skeleton (D:7)
  2 iguanas (D:8)
  5 worker ants
  A killer bee zombie (D:6)
  A hound zombie (D:5)
  The ghost of oki the Chiller, a weakling OpIE of Cheibriados (D:3)
  12 adders
  2 oozes (D:1)
  An adder skeleton (D:6)
  A worm (D:2)
  A dart slug (D:1)
  4 leopard geckos
  19 orcs
  9 bats
  14 giant cockroaches
  8 goblins
  5 hobgoblins
  4 jackals (D:6)
  8 kobolds
  5 quokkas
  A ball python (D:7)
  5 frilled lizards
  2 quokka skeletons
  12 rats
  4 toadstools (D:1)
161 creatures vanquished.

Vanquished Creatures (others)
  A worker ant (D:4)
1 creature vanquished.

Grand Total: 162 creatures vanquished

Notes
Turn   | Place    | Note
-------+----------+-------------------------------------------
     0 | D:1      | Monsterracer the Formicid Monk began the quest for the Orb.
     0 | D:1      | Reached XP level 1. HP: 18/18 MP: 1/1
   106 | D:1      | Reached XP level 2. HP: 22/24 MP: 2/2
   231 | D:1      | Reached skill level 4 in Axes
   231 | D:1      | Reached XP level 3. HP: 29/29 MP: 3/3
   586 | D:2      | Reached XP level 4. HP: 10/35 MP: 4/4
   929 | D:2      | Reached skill level 5 in Axes
  1325 | D:2      | You fall through a shaft for 2 floors!
  1591 | D:3      | Noticed oki's ghost (weakling OpIE)
  1604 | D:3      | Killed oki's ghost
  1604 | D:3      | Reached XP level 5. HP: 37/41 MP: 5/5
  1931 | D:2      | Gained mutation: Potions are less effective at restoring your health. [potion of mutation]
  1931 | D:2      | Gained mutation: You have sharp fingernails. [potion of mutation]
  1931 | D:2      | Gained mutation: You are robust. (+10% HP) [potion of mutation]
  1931 | D:2      | Gained mutation: You are resistant to hostile enchantments. (MR+) [potion of mutation]
  2319 | D:3      | Reached skill level 6 in Axes
  2414 | D:4      | Noticed a slave
  2415 | D:4      | Noticed a slave
  2416 | D:4      | Noticed Pikel
  2416 | D:4      | Noticed a slave
  2418 | D:4      | Noticed a slave
  2440 | D:4      | Killed Pikel
  2440 | D:4      | Reached skill level 8 in Axes
  2440 | D:4      | Reached XP level 6. HP: 38/51 MP: 6/6
  2440 | D:4      | Reached XP level 7. HP: 43/57 MP: 7/7
  2887 | D:5      | Entered Level 5 of the Dungeon
  2985 | D:5      | Reached skill level 1 in Armour
  2985 | D:5      | Reached XP level 8. HP: 36/63 MP: 8/8
  3152 | D:5      | Found a staircase to the Ecumenical Temple.
  3158 | Temple   | Entered the Ecumenical Temple
  3248 | Temple   | Became a worshipper of Makhleb the Destroyer
  3248 | Temple   | Reached * piety under Makhleb
  3248 | Temple   | Reached ** piety under Makhleb
  3832 | D:6      | Reached skill level 1 in Invocations
  4131 | D:6      | Reached skill level 9 in Axes
  4791 | D:7      | Noticed ThereIsNoGod's ghost (novice GrGl)
  5030 | D:5      | Reached XP level 9. HP: 40/72 MP: 11/11
  5439 | D:7      | Found a runed door.
  6693 | D:7      | Noticed Crazy Yiuf
  6702 | D:7      | Killed Crazy Yiuf
  7092 | D:7      | Reached skill level 10 in Axes
  7109 | D:7      | Reached skill level 5 in Fighting
  7439 | D:8      | Found Serar's Book Emporium.
  7552 | D:8      | Noticed a troll
  7557 | D:8      | Killed a troll
  7618 | D:8      | Reached *** piety under Makhleb
  7635 | D:8      | Found a staircase to the Lair.
  7665 | D:8      | Noticed a hippogriff
  7674 | D:8      | Reached XP level 10. HP: 60/79 MP: 13/13
  8147 | D:8      | Killed from afar by a hell hound

Skill      XL: |  1  2  3  4  5  6  7  8  9 |
---------------+----------------------------+-----
Axes           | 4 5 8 9 10 | 10.6
Armour         | 1 2 4 |  4.7
Dodging        | 3 4 |  4.8
Invocations    | 2 4 |  4.8
Fighting       | 4 5 |  5.6
Stealth        | |  2.4

Action                   |  1- 3 |  4- 6 |  7- 9 | 10-12 || total
-------------------------+-------+-------+-------+-------++-------
Melee: Hand axe          |    67 |   144 |       |       ||   211
       War axe           |       |    58 |   172 |       ||   230
       Battleaxe         |       |       |   168 |    29 ||   197
Invok: Minor Destruction |       |       |       |     4 ||     4
       Lesser Servant of |       |       |       |     1 ||     1
 Abil: Dig               |       |       |     1 |       ||     1
  Use: Potion            |     3 |     4 |     2 |     1 ||    10
       Scroll            |       |     5 |     6 |       ||    11
 Stab: Sleeping          |     6 |     7 |       |       ||    13
       Distracted        |       |     1 |       |       ||     1
  Eat: Chunk             |       |     5 |    14 |     1 ||    20
       Fruit             |       |       |     2 |     1 ||     3
Armor: Robe              |    18 |     7 |       |       ||    25
       Chain mail        |       |    87 |   175 |       ||   262
       Plate armour      |       |       |    23 |    32 ||    55
Dodge: Dodged            |    41 |   119 |   210 |    20 ||   390
Block: Other             |       |       |     6 |    11 ||    17
       Reflection        |       |       |     3 |       ||     3
